AoeStats
← ogipochi_

Black Forest

508817772Analyzed
4v4 RM · 8d ago on Sep 24, 2026· 54m 35s· 8 players
Game mode
Random Map
Map size
Large (8 player)
Population
200
Speed
Normal
Resources
Standard
Victory
Conquest
Starting age
Dark Age
Ending age
Imperial Age
RankedLock teamsTeams togetherTeam positionsShared explorationLock speedFull tech treeHidden civsTurbo modeCheats
Victory
Defeat
🇹🇷 Teutons · Türkiye
850
+14
🇩🇪 Hindustanis · Germany
810
+16
🇦🇷 Japanese · Argentina
809
+16
🇹🇷 Turks · Türkiye
760
+18
🇦🇺 Burgundians · Australia
839
-17
🇯🇵 Saxons · Japan
825
-17
🇨🇳 Varangians · China
793
-15
🇳🇿 Franks · New Zealand
780
-15
ogipochi_
0:33 Loom
11:46 Feudal Age
12:44 Double-Bit Axe
12:50 Gold Mining
12:52 Stone Mining
12:43 Horse Collar
13:40 Wheelbarrow
12:51 Town Watch
17:26 Forging
17:16 Scale Mail Armor
19:41 Castle Age
17:59 Fishing Lines
18:05 Man-at-Arms
18:31 Arson
22:05 Hand Cart
21:54 Town Patrol
21:49 Long Swordsman
22:30 Squires
22:15 Gambesons
22:26 Pikeman
23:57 Bow Saw
24:48 Gillnets
30:18 Fletching
30:29 Padded Archer Armor
31:07 Iron Casting
30:47 Chain Mail Armor
34:51 Imperial Age
35:42 Elite Hearth Troop
38:20 Two-Man Saw
37:52 Caravan
38:58 Conscription
37:59 Shield Wall
38:03 Elite Varangian Guard
38:05 Two-Handed Swordsman
39:32 Plate Mail Armor
39:48 Gold Shaft Mining
39:32 Champion
42:29 Heavy Mounted Crossbowman
42:29 Cranequins
43:17 Padded Archer Armor
43:07 Fletching
44:51 Chemistry
44:11 Ballistics
43:57 Heavy Plow
44:15 Leather Archer Armor
44:20 Thumb Ring
45:17 Bodkin Arrow
45:39 Elite Skirmisher
46:55 Ring Archer Armor
46:25 Bracer
46:59 Ring Archer Armor
r.smith.jnr
0:48 Loom
14:08 Feudal Age
15:25 Wheelbarrow
14:39 Double-Bit Axe
15:17 Gold Mining
15:21 Stone Mining
19:21 Padded Archer Armor
19:14 Fletching
24:39 Castle Age
25:42 Hand Cart
25:43 Bow Saw
27:28 Arson
29:00 Squires
28:23 Pikeman
30:03 Scale Mail Armor
31:23 Forging
32:00 Gold Shaft Mining
32:06 Guard Tower
33:27 Scale Barding Armor
33:53 Masonry
34:02 Town Watch
35:18 Iron Casting
35:44 Husbandry
36:37 Town Patrol
36:51 Fortified Wall
36:39 Murder Holes
37:51 Ballistics
37:12 Treadmill Crane
37:49 Light Cavalry
39:16 Caravan
39:47 Coinage
42:17 Imperial Age
39:11 Man-at-Arms
39:37 Gambesons
40:01 Long Swordsman
41:39 Chain Mail Armor
41:56 Leather Archer Armor
41:40 Bodkin Arrow
42:07 Chain Barding Armor
41:31 Ordonnance Companies
44:20 Blast Furnace
43:51 Plate Mail Armor
42:45 Cavalier
44:30 Hoardings
44:17 Conscription
44:01 Arrowslits
45:17 Chemistry
44:49 Architecture
45:44 Plate Barding Armor
46:02 Banking
46:48 Paladin
48:52 Paladin
Tavis
1:49 Loom
11:11 Feudal Age
17:16 Castle Age
16:35 Double-Bit Axe
18:01 Scale Mail Armor
24:24 Forging
25:32 Squires
26:42 Caravan
27:24 Horse Collar
29:01 Gambesons
31:52 Arson
32:22 Bloodlines
32:14 Husbandry
34:48 Scale Barding Armor
35:20 Vendel Legacy
40:18 Imperial Age
38:20 Chain Barding Armor
40:39 Elite Jarl
41:12 Gothikon
42:16 Gold Mining
42:17 Stone Mining
42:18 Capped Ram
43:49 Wheelbarrow
43:40 Guilds
44:17 Elite Varangian Guard
44:48 Pikeman
45:37 Halberdier
46:36 Heavy Plow
46:49 Bow Saw
49:13 Chain Mail Armor
49:34 Iron Casting
49:35 Plate Barding Armor
48:54 Fletching
49:05 Padded Archer Armor
50:44 Crop Rotation
51:18 Two-Man Saw
53:06 Hand Cart
james.dale
12:13 Feudal Age
10:39 Double-Bit Axe
11:22 Horse Collar
21:57 Castle Age
20:06 Town Watch
20:39 Caravan
23:05 Wheelbarrow
22:47 Heavy Plow
26:07 Fortified Wall
26:26 Bow Saw
26:48 Burgundian Vineyards
29:14 Two-Man Saw
28:35 Fervor
31:32 Town Patrol
34:27 Imperial Age
34:16 Scale Barding Armor
34:22 Forging
34:03 Fletching
34:14 Padded Archer Armor
36:25 Chemistry
35:21 Fishing Lines
36:07 Conscription
38:13 Leather Archer Armor
37:54 Bodkin Arrow
38:25 Ballistics
42:43 Chain Barding Armor
42:59 Iron Casting
42:25 Bracer
42:44 Cavalier
43:25 Husbandry
43:55 Paladin
47:18 Plate Barding Armor
47:44 Blast Furnace
Pega Menis
14:21 Feudal Age
15:38 Wheelbarrow
15:58 Fishing Lines
21:00 Gold Mining
21:01 Stone Mining
26:28 Castle Age
26:48 Double-Bit Axe
27:08 Gillnets
28:39 Stone Shaft Mining
28:40 Gold Shaft Mining
28:24 Bow Saw
32:08 Imperial Age
29:54 Hand Cart
31:05 Caravan
34:00 Chemistry
34:59 Two-Man Saw
34:56 Grand Trunk Road
35:09 Grand Trunk Road
36:37 Padded Archer Armor
37:08 Shatagni
37:29 Conscription
38:08 Leather Archer Armor
39:17 Ballistics
40:04 Ring Archer Armor
48:59 Horse Collar
49:43 Heavy Plow
52:08 Thumb Ring
milton friedman
0:59 Loom
11:52 Feudal Age
13:26 Horse Collar
13:40 Double-Bit Axe
22:18 Castle Age
24:02 Wheelbarrow
24:08 Gold Mining
24:31 Bow Saw
28:21 Heavy Plow
28:18 Stone Mining
32:02 Gold Shaft Mining
34:18 Hand Cart
33:50 Town Watch
35:08 Caravan
35:39 Coinage
35:20 Town Patrol
40:14 Imperial Age
39:24 Padded Archer Armor
39:14 Fletching
41:48 Elite Janissary
44:40 Leather Archer Armor
44:20 Bodkin Arrow
47:38 Ring Archer Armor
47:09 Bracer
53:48 Conscription
Zedarr
0:56 Loom
17:36 Feudal Age
18:41 Double-Bit Axe
23:57 Castle Age
25:54 Bow Saw
25:31 Horse Collar
25:46 Stone Mining
25:50 Gold Mining
27:20 Heavy Plow
28:59 Wheelbarrow
28:17 Town Watch
30:46 Scale Mail Armor
30:56 Forging
34:47 Town Patrol
37:45 Imperial Age
36:50 Chain Mail Armor
37:11 Iron Casting
36:37 Padded Archer Armor
36:28 Fletching
37:09 Ironclad
39:04 Conscription
39:51 Chemistry
39:12 Ballistics
39:28 Hand Cart
39:48 Squires
39:35 Arson
39:35 Gambesons
40:23 Elite Teutonic Knight
50:58 Siege Engineers
51:48 Leather Archer Armor
52:37 Blast Furnace
52:07 Plate Mail Armor
51:54 Leather Archer Armor
51:34 Bodkin Arrow
trieukhom
0:54 Loom
12:10 Feudal Age
14:40 Double-Bit Axe
15:49 Wheelbarrow
16:22 Fishing Lines
21:14 Castle Age
19:30 Gold Mining
22:07 Bow Saw
22:01 Gillnets
22:12 Horse Collar
23:18 Gold Shaft Mining
25:52 Caravan
30:44 Imperial Age
29:43 Hand Cart
29:34 Heavy Plow
32:05 Conscription
31:08 Elite Samurai
32:05 Forging
31:56 Scale Mail Armor
31:48 Fletching
31:59 Padded Archer Armor
32:54 Bloodlines
32:50 Husbandry
33:02 Scale Barding Armor
34:36 Two-Man Saw
34:55 Parthian Tactics
34:45 Thumb Ring
35:19 Heavy Cavalry Archer
36:36 Kataparuto
36:57 Stone Mining
37:47 Iron Casting
37:29 Chain Mail Armor
41:21 Blast Furnace
40:51 Plate Mail Armor
40:18 Bodkin Arrow
40:38 Leather Archer Armor
42:20 Chain Barding Armor
42:15 Leather Archer Armor
42:40 Elite Skirmisher
44:43 Bracer
49:08 Ring Archer Armor
50:38 Siege Engineers
50:56 Ballistics
50:22 Treadmill Crane
50:54 Masonry
50:57 Fortified Wall
50:48 Murder Holes
Connection lost

Rejoining the realm…

Still unreachable

The connection could not be restored.

Session expired

The server has moved on; the page needs a fresh start.